TOP OF THE 1ST |
Americus Braves batting - Pitching for Tijuana Toros : RHP Kevin Fleming
|
Pitching: RHP Kevin Fleming
|
|
Batting: SHB Jose Melendez
|
0-0: Called Strike 0-1: Ball 1-1: Ground out U3 (Groundball, 3, EV 80.6 MPH)
|
Batting: RHB Joe Young
|
0-0: Swinging Strike 0-1: Called Strike 0-2: Strikes out swinging
|
Batting: RHB Yojiro Hayashi
|
0-0: Ball 1-0: Ball 2-0: SINGLE (Line Drive, 9LS, EV 109.4 MPH)
|
Batting: RHB Josh McCormick
|
0-0: Called Strike 0-1: Ball 1-1: Ball Yojiro Hayashi is caught stealing 2nd base 2-4
|
Top of the 1st over - 0 runs, 1 hit, 0 errors, 0 left on base; Americus 0 - Tijuana 0 |
BOTTOM OF THE 1ST |
Tijuana Toros batting - Pitching for Americus Braves : RHP Scott Spillman
|
Pitching: RHP Scott Spillman
|
|
Batting: RHB Theo Schepers
|
0-0: Ball 1-0: Called Strike 1-1: Foul Ball, location: 2F 1-2: Fly out, F4 (Line Drive, 4, EV 73.8 MPH)
|
Batting: LHB Steve Pond
|
0-0: Called Strike 0-1: Foul Ball, location: 2F 0-2: Foul Ball, location: 2F 0-2: Ball 1-2: Strikes out swinging
|
Batting: RHB Chad Rojas
|
0-0: Ball 1-0: Ball 2-0: Called Strike 2-1: Ball 3-1: Base on Balls
|
Batting: LHB Nate Kee
|
0-0: Ball 1-0: Called Strike 1-1: Called Strike 1-2: Ball 2-2: Foul Ball, location: 2F 2-2: Ground out U3 (Groundball, 3, EV 81.3 MPH)
|
Bottom of the 1st over - 0 runs, 0 hits, 0 errors, 1 left on base; Americus 0 - Tijuana 0 |
TOP OF THE 2ND |
Americus Braves batting - Pitching for Tijuana Toros : RHP Kevin Fleming
|
Batting: RHB Josh McCormick
|
0-0: Called Strike 0-1: Ball 1-1: Ball 2-1: Ball 3-1: Ground out U3 (Groundball, 34, EV 86.9 MPH)
|
Batting: LHB Mark Dearth
|
0-0: Ground out 4-3 (Groundball, 4, EV 84.4 MPH)
|
Batting: RHB Terry Hughes
|
0-0: Foul Ball, location: 2F 0-1: Ball 1-1: Fly out, F4 (Popup, 4D, EV 48.8 MPH)
|
Top of the 2nd over - 0 runs, 0 hits, 0 errors, 0 left on base; Americus 0 - Tijuana 0 |
BOTTOM OF THE 2ND |
Tijuana Toros batting - Pitching for Americus Braves : RHP Scott Spillman
|
Batting: RHB Pat Adams
|
0-0: DOUBLE (Line Drive, 9LS, EV 105.0 MPH)
|
Batting: RHB David Watkins
|
0-0: Ball 1-0: Ball 2-0: Foul Ball, location: 2F 2-1: Fly out, F9 (Flyball, 9D, EV 101.3 MPH) Runner from 2nd tags up, SAFE at 3rd, no throw by RF
|
Batting: RHB Mike Kaczor
|
0-0: Foul Ball, location: 2F 0-1: Ball 1-1: Ball Balk! Pat Adams scores 2-1: Ball 3-1: Called Strike 3-2: Strikes out swinging
|
Batting: RHB Will Barksdale
|
0-0: Foul Ball, location: 2F 0-1: Ball 1-1: Fly out, F1 (Line Drive, P, EV 60.6 MPH)
|
Bottom of the 2nd over - 1 run, 1 hit, 0 errors, 0 left on base; Americus 0 - Tijuana 1 |
TOP OF THE 3RD |
Americus Braves batting - Pitching for Tijuana Toros : RHP Kevin Fleming
|
Batting: LHB Ryan Murdock
|
0-0: Called Strike 0-1: DOUBLE (Line Drive, 9LM, EV 92.5 MPH)
|
Batting: RHB Gerard Michel
|
0-0: Called Strike 0-1: Ball 1-1: Foul Ball, location: 2F 1-2: Strikes out swinging
|
Batting: LHB Tamaichi Sasada
|
0-0: SINGLE (Line Drive, 8RM, EV 98.1 MPH) Ryan Murdock to third Runner from 3rd tries for Home, throw by CF and OUT! 8-2
|
Batting: SHB Jose Melendez
|
0-0: Ground out 2-3 (Groundball, 2L, EV 73.8 MPH)
|
Top of the 3rd over - 0 runs, 2 hits, 0 errors, 1 left on base; Americus 0 - Tijuana 1 |
BOTTOM OF THE 3RD |
Tijuana Toros batting - Pitching for Americus Braves : RHP Scott Spillman
|
Batting: RHB Ruben Irizarry
|
0-0: Fly out, F9 (Flyball, 9S, EV 94.4 MPH)
|
Batting: RHB Theo Schepers
|
0-0: Ball 1-0: Called Strike 1-1: Ball 2-1: Foul Ball, location: 2F 2-2: Ball 3-2: Fly out, F3 (Popup, 34S, EV 80.6 MPH)
|
Batting: LHB Steve Pond
|
0-0: Ball 1-0: DOUBLE (Groundball, 5L, EV 105.6 MPH)
|
Batting: RHB Chad Rojas
|
0-0: Fly out, F8 (Flyball, 8RM, EV 85.6 MPH)
|
Bottom of the 3rd over - 0 runs, 1 hit, 0 errors, 1 left on base; Americus 0 - Tijuana 1 |
TOP OF THE 4TH |
Americus Braves batting - Pitching for Tijuana Toros : RHP Kevin Fleming
|
Batting: RHB Joe Young
|
0-0: Ground out U3 (Groundball, 3S, EV 81.9 MPH)
|
Batting: RHB Yojiro Hayashi
|
0-0: Ground out 5-3 (Groundball, 5S, EV 86.9 MPH)
|
Batting: RHB Josh McCormick
|
0-0: Called Strike 0-1: Foul Ball, location: 2F 0-2: Ball 1-2: SOLO HOME RUN (Flyball, 7LD, EV 96.9 MPH), Distance : 360 ft
|
Batting: LHB Mark Dearth
|
0-0: Ball 1-0: Called Strike 1-1: Ball 2-1: Ball 3-1: Fly out, F9 (Flyball, 9LD, EV 91.9 MPH)
|
Top of the 4th over - 1 run, 1 hit, 0 errors, 0 left on base; Americus 1 - Tijuana 1 |
BOTTOM OF THE 4TH |
Tijuana Toros batting - Pitching for Americus Braves : RHP Scott Spillman
|
Batting: LHB Nate Kee
|
0-0: Swinging Strike 0-1: Ball 1-1: Foul Ball, location: 2F 1-2: Strikes out swinging
|
Batting: RHB Pat Adams
|
0-0: Ball 1-0: SINGLE (Groundball, 6D, EV 95.0 MPH)
|
Batting: RHB David Watkins
|
0-0: Ball 1-0: Ball 2-0: Called Strike 2-1: Ball 3-1: Called Strike 3-2: Ground out 5-3 (Groundball, 56S, EV 86.9 MPH) Pat Adams to second
|
Batting: RHB Mike Kaczor
|
0-0: Called Strike 0-1: Foul Ball, location: 2F 0-2: Foul Ball, location: 2F 0-2: Strikes out swinging
|
Bottom of the 4th over - 0 runs, 1 hit, 0 errors, 1 left on base; Americus 1 - Tijuana 1 |
TOP OF THE 5TH |
Americus Braves batting - Pitching for Tijuana Toros : RHP Kevin Fleming
|
Batting: RHB Terry Hughes
|
0-0: Called Strike 0-1: Ball 1-1: Ball 2-1: Ball 3-1: Base on Balls
|
Batting: LHB Ryan Murdock
|
0-0: Ball 1-0: Swinging Strike 1-1: Swinging Strike 1-2: Ball 2-2: Strikes out swinging
|
Batting: RHB Gerard Michel
|
0-0: Grounds into double play, 5-4-3 (Groundball, 56, EV 104.4 MPH)
|
Top of the 5th over - 0 runs, 0 hits, 0 errors, 0 left on base; Americus 1 - Tijuana 1 |
BOTTOM OF THE 5TH |
Tijuana Toros batting - Pitching for Americus Braves : RHP Scott Spillman
|
Batting: RHB Will Barksdale
|
0-0: Swinging Strike 0-1: Ball 1-1: Foul Ball, location: 2F 1-2: Ball 2-2: Foul Ball, location: 2F 2-2: Ball 3-2: Base on Balls
|
Batting: RHB Ruben Irizarry
|
0-0: Called Strike 0-1: Foul Ball, location: 2F 0-2: Ball 1-2: Grounds into double play, 6-4-3 (Groundball, 6, EV 85.6 MPH)
|
Batting: RHB Theo Schepers
|
0-0: Called Strike 0-1: Ball 1-1: Called Strike 1-2: SINGLE (Flyball, 4D, EV 93.8 MPH)
|
Batting: LHB Steve Pond
|
0-0: Ball 1-0: Swinging Strike 1-1: Swinging Strike 1-2: Foul Ball, location: 2F 1-2: Ball 2-2: Ball 3-2: Ground out U3 (Groundball, 3, EV 82.5 MPH)
|
Bottom of the 5th over - 0 runs, 1 hit, 0 errors, 1 left on base; Americus 1 - Tijuana 1 |
TOP OF THE 6TH |
Americus Braves batting - Pitching for Tijuana Toros : RHP Kevin Fleming
|
Batting: LHB Tamaichi Sasada
|
0-0: Called Strike 0-1: Swinging Strike 0-2: Ball 1-2: Strikes out swinging
|
Batting: SHB Jose Melendez
|
0-0: Ball 1-0: Called Strike 1-1: Ball 2-1: Called Strike 2-2: Foul Ball, location: 2F 2-2: Ball 3-2: Strikes out looking
|
Batting: RHB Joe Young
|
0-0: Ball 1-0: Ball 2-0: Called Strike 2-1: Swinging Strike 2-2: Fly out, F4 (Line Drive, 4, EV 71.3 MPH)
|
Top of the 6th over - 0 runs, 0 hits, 0 errors, 0 left on base; Americus 1 - Tijuana 1 |
BOTTOM OF THE 6TH |
Tijuana Toros batting - Pitching for Americus Braves : RHP Scott Spillman
|
Batting: RHB Chad Rojas
|
0-0: Ball 1-0: Called Strike 1-1: Called Strike 1-2: Ball 2-2: Ground out 6-3 (Groundball, 56, EV 105.6 MPH)
|
Batting: LHB Nate Kee
|
0-0: Called Strike 0-1: Swinging Strike 0-2: Ball 1-2: Ball 2-2: Foul Ball, location: 2F 2-2: Strikes out swinging
|
Batting: RHB Pat Adams
|
0-0: Foul Ball, location: 2F 0-1: Foul Ball, location: 2F 0-2: Strikes out swinging
|
Bottom of the 6th over - 0 runs, 0 hits, 0 errors, 0 left on base; Americus 1 - Tijuana 1 |
TOP OF THE 7TH |
Americus Braves batting - Pitching for Tijuana Toros : RHP Kevin Fleming
|
Batting: RHB Yojiro Hayashi
|
0-0: Ball 1-0: Ball 2-0: Ball 3-0: Called Strike 3-1: Foul Ball, location: 2F 3-2: Ground out 6-3 (Groundball, 6, EV 83.8 MPH)
|
Batting: RHB Josh McCormick
|
0-0: Called Strike 0-1: SINGLE (Line Drive, 89S, EV 105.6 MPH)
|
Batting: LHB Mark Dearth
|
0-0: Called Strike 0-1: Fly out, F6 (Line Drive, 6, EV 76.3 MPH)
|
Batting: RHB Terry Hughes
|
0-0: Called Strike 0-1: Ball 1-1: Ball 2-1: Foul Ball, location: 2F 2-2: Fielders Choice at 2nd, 5-4 (Groundball, 56, EV 88.8 MPH)
|
Top of the 7th over - 0 runs, 1 hit, 0 errors, 1 left on base; Americus 1 - Tijuana 1 |
BOTTOM OF THE 7TH |
Tijuana Toros batting - Pitching for Americus Braves : RHP Scott Spillman
|
Pinch Hitting: LHB Chris Buchan
|
0-0: Called Strike 0-1: Swinging Strike 0-2: Ball 1-2: Ball 2-2: Strikes out swinging
|
Batting: RHB Mike Kaczor
|
0-0: Swinging Strike 0-1: Ball 1-1: Ball 2-1: Foul Ball, location: 2F 2-2: Strikes out swinging
|
Batting: RHB Will Barksdale
|
0-0: Swinging Strike 0-1: Ground out 5-3 (Groundball, 5, EV 107.5 MPH)
|
Bottom of the 7th over - 0 runs, 0 hits, 0 errors, 0 left on base; Americus 1 - Tijuana 1 |
TOP OF THE 8TH |
Americus Braves batting - Pitching for Tijuana Toros : RHP Kevin Fleming
|
Now at 1B: Chris Buchan
|
|
Batting: LHB Ryan Murdock
|
0-0: SINGLE (Groundball, 6D, EV 100.6 MPH)
|
Batting: RHB Gerard Michel
|
0-0: Bunt missed! 0-1: Sac Bunt to P - play at first, batter OUT! 1-4 Ryan Murdock to second
|
Batting: LHB Tamaichi Sasada
|
0-0: SINGLE (Groundball, 4MD, EV 100.0 MPH) Ryan Murdock to third
|
Batting: SHB Jose Melendez
|
0-0: Ball 1-0: SINGLE (Line Drive, 8LS, EV 86.3 MPH) Ryan Murdock scores Tamaichi Sasada to second
|
Pinch Runner at 2nd Jason Herr:
|
|
Batting: RHB Joe Young
|
0-0: Swinging Strike 0-1: Ball 1-1: Ball 2-1: Ball 3-1: Foul Ball, location: 2F 3-2: Base on Balls Jason Herr to third Jose Melendez to second
|
Batting: RHB Yojiro Hayashi
|
0-0: SINGLE (Groundball, 56D, EV 95.0 MPH) Jason Herr scores Jose Melendez to third Joe Young to second Runner from 3rd tries for Home, SAFE, throw by LF to home
|
Batting: RHB Josh McCormick
|
0-0: Called Strike 0-1: Ball 1-1: Ball 2-1: SINGLE (Groundball, 5L, EV 93.1 MPH) (infield hit) Joe Young to third Yojiro Hayashi to second
|
Batting: LHB Mark Dearth
|
0-0: Called Strike 0-1: Swinging Strike 0-2: Strikes out swinging
|
Batting: RHB Terry Hughes
|
0-0: Ball 1-0: Ball 2-0: Foul Ball, location: 2F 2-1: Foul Ball, location: 2F 2-2: Strikes out swinging
|
Top of the 8th over - 3 runs, 5 hits, 0 errors, 3 left on base; Americus 4 - Tijuana 1 |
BOTTOM OF THE 8TH |
Tijuana Toros batting - Pitching for Americus Braves : RHP Scott Spillman
|
Pitching: RHP Gareth Cutts
|
|
Now at 1B: Andres Aldape
|
|
Batting: LHB Mesfin Azagba
|
0-0: Ball 1-0: Swinging Strike 1-1: Swinging Strike 1-2: Ball 2-2: Foul Ball, location: 2F 2-2: Strikes out swinging
|
Batting: RHB Theo Schepers
|
0-0: Called Strike 0-1: Fly out, F8 (Flyball, 8LM, EV 95.0 MPH)
|
Batting: LHB Steve Pond
|
0-0: Foul Ball, location: 2F 0-1: Foul Ball, location: 2F 0-2: Foul Ball, location: 2F 0-2: Ball 1-2: Strikes out swinging
|
Bottom of the 8th over - 0 runs, 0 hits, 0 errors, 0 left on base; Americus 4 - Tijuana 1 |
TOP OF THE 9TH |
Americus Braves batting - Pitching for Tijuana Toros : RHP Kevin Fleming
|
Pitching: RHP Seved Landgre
|
|
Batting: LHB Ryan Murdock
|
0-0: Foul Ball, location: 2F 0-1: Ball 1-1: Foul Ball, location: 2F 1-2: Ball 2-2: Foul Ball, location: 2F 2-2: Strikes out swinging
|
Batting: RHB Gerard Michel
|
0-0: Ball 1-0: Fly out, F8 (Line Drive, 8RM, EV 91.3 MPH)
|
Batting: LHB Andres Aldape
|
0-0: Foul Ball, location: 2F 0-1: Ball 1-1: Ball 2-1: Called Strike 2-2: Foul Ball, location: 2F 2-2: Foul Ball, location: 2F 2-2: Foul Ball, location: 2F 2-2: Ball 3-2: Ground out U3 (Groundball, 3, EV 90.0 MPH)
|
Top of the 9th over - 0 runs, 0 hits, 0 errors, 0 left on base; Americus 4 - Tijuana 1 |
BOTTOM OF THE 9TH |
Tijuana Toros batting - Pitching for Americus Braves : RHP Gareth Cutts
|
Batting: RHB Chad Rojas
|
0-0: Ball 1-0: Ball 2-0: Swinging Strike 2-1: Foul Ball, location: 2F 2-2: SINGLE (Line Drive, 7LS, EV 99.4 MPH)
|
Batting: LHB Nate Kee
|
0-0: Ball 1-0: Called Strike 1-1: Foul Ball, location: 2F 1-2: Foul Ball, location: 2F 1-2: Reached on error, E1 (Groundball, 13S, EV 72.5 MPH) Chad Rojas to second
|
Batting: RHB Pat Adams
|
0-0: Called Strike 0-1: Swinging Strike 0-2: Ball 1-2: Ball 2-2: Foul Ball, location: 2F 2-2: Strikes out swinging
|
Batting: LHB Chris Buchan
|
0-0: SINGLE (Groundball, 34D, EV 100.0 MPH) Chad Rojas to third Nate Kee to second
|
Batting: RHB Mike Kaczor
|
0-0: Called Strike 0-1: Ball 1-1: Ball Wild Pitch! Chad Rojas scores Nate Kee to third Chris Buchan to second 2-1: Swinging Strike 2-2: 3-RUN HOME RUN (Flyball, 9D, EV 97.5 MPH), Distance : 374 ft
|
Bottom of the 9th over - 4 runs, 3 hits, 1 error, 0 left on base; Americus 4 - Tijuana 5 |
|
Game Over ... Tijuana defeats Americus, 5 to 4
|
|
|